 Dungeon Crawl Stone Soup version 0.31-a0-175-g9f7f995f2b (webtiles) character file.

Game seed: 16738009433765221860

66565 Monkooky the Fetichist (level 15, -3/93 (97) HPs)
             Began as a Kobold Delver on June 17, 2023.
             Was a High Priest of Trog.
             Slain by a demonic crawler (7 damage)
             ... on level 1 of the Spider Nest on June 18, 2023.
             The game lasted 00:54:27 (26115 turns).

Monkooky the Fetichist (Kobold Delver)             Turns: 26115, Time: 00:54:29

HP:   -3/93 (97)    AC:  9    Str: 15      XL:     15   Next: 62%
MP:   15/15         EV: 25    Int: 12 (14) God:    Trog [*****.]
Gold: 1663          SH: 10    Dex: 22      Spells: 12/14 levels left

rFire   + . .        h - +3 quick blade (drain)
rCold   + . .        K - +3 warlock's mirror {omnireflect}
rNeg    . . .        Y - +2 robe {rC+ rF+}
rPois   .            B - +2 helmet
rElec   .            l - scarf {repulsion}
rCorr   +            C - +0 pair of gloves
SInv    .            (no boots)
Will    +....        A - amulet of regeneration
Stlth   ++++++       r - +6 ring of strength
HPRegen 1.15/turn    b - ring of resist corrosion
MPRegen 0.14/turn

%: repel missiles, reflection
@: on berserk cooldown, slowed, lightly drained, very slow
A: small, no large weapons, nightstalker 3
a: Renounce Religion, Berserk, Trog's Hand, Brothers in Arms


You were on level 1 of the Spider Nest.
You worshipped Trog.
Trog was extremely pleased with you.
You visited 5 branches of the dungeon, and saw 22 of its levels.
You also visited: Bailey.

You collected 2073 gold pieces.
You spent 410 gold pieces at shops.

Inventory:

Hand Weapons
 h - a +3 quick blade of draining (weapon)
Missiles
 s - 38 poisoned darts (quivered)
 F - 9 curare-tipped darts
 H - 30 boomerangs
 N - a throwing net
 W - 6 atropa-tipped darts
Armour
 l - a scarf of repulsion (worn)
 B - a +2 helmet (worn)
 C - a +0 pair of gloves (worn)
 K - the +3 warlock's mirror (worn) {omnireflect}
   (You acquired it in a bailey)

   Omnireflect: It can block and reflect piercing ranged attacks and magical
   attacks against the wielder's willpower.
 Y - a +2 robe of resistance (worn)
Jewellery
 a - a ring of ice
 b - a ring of resist corrosion (right hand)
 o - a ring of fire
 r - a +6 ring of strength (left hand)
 A - an amulet of regeneration (around neck)
 Q - a ring of willpower
 U - an amulet of the acrobat
 Z - a +6 ring of strength
Wands
 g - a wand of digging (11)
 y - a wand of flame (35)
 E - a wand of paralysis (27)
 O - a wand of roots (10)
 R - a wand of acid (4)
Scrolls
 c - 5 scrolls of fog
 d - 6 scrolls of revelation
 e - 4 scrolls of fear
 p - 2 scrolls of immolation
 q - a scroll of blinking
 v - 3 scrolls of silence
 w - 14 scrolls of teleportation
 z - 2 scrolls of poison
 G - a scroll of brand weapon
 J - a scroll of summoning
 L - 2 scrolls of enchant armour
 S - 8 scrolls of identify
Potions
 f - 4 potions of haste
 i - 2 potions of lignification
 j - a potion of enlightenment
 k - 2 potions of attraction
 m - 5 potions of curing
 n - 2 potions of cancellation
 t - 2 potions of mutation
 u - 3 potions of invisibility
 x - 6 potions of heal wounds
 D - a potion of might
 I - a potion of magic
 T - 9 potions of ambrosia
 V - a potion of berserk rage
 X - 2 potions of resistance
Miscellaneous
 M - a phial of floods
 P - a tin of tremorstones (1/2)


   Skills:
 + Level 12.4 Fighting
 - Level 14.0 Short Blades
 + Level 7.2 Armour
 + Level 13.1 Dodging
 - Level 11.8 Stealth
 + Level 8.4 Shields
 - Level 18.0 Evocations


You had 12 spell levels left.
You knew the following spells:

 Your Spells              Type           Power      Damage    Failure   Level
a - Passwall              Tmut/Erth      0%         N/A       52%         2

Your spell library contained the following spells:

 Spells                   Type           Power      Damage    Failure   Level
 Sandblast                Erth           0%         2d4       38%         1
 Stone Arrow              Conj/Erth      0%         3d7       77%         3


Dungeon Overview and Level Annotations

Branches:
Dungeon (13/15)            Temple (1/1) D:5            Lair (5/5) D:10
 Shoals (0/4) Lair:2       Spider (1/4) Lair:2        Slime (0/5) Lair:4
    Orc (2/2) D:10            Elf (0/3) Orc:2        Bailey (visited)
 Vaults: D:13-14

Altars:
Ashenzari
Cheibriados
Dithmenos
Elyvilon
Fedhas
Gozag
Hepliaklqana
Kikubaaqudgha
Makhleb
Nemelex Xobeh
Okawaru
Qazlal
Ru
Sif Muna
Trog
Uskayaw
Vehumet
Wu Jian
Xom
Yredelemnul
Zin
The Shining One
Jiyva

Shops:
D:5 !   D:13 (   Orc:1 *   Orc:2 !((!

Portals:
Hell: Lair:5

Annotations:
D:2 exclusion: downstairs, Sigmund
D:8 1 runed translucent door


Innate Abilities, Weirdness & Mutations

You are small and have problems with some larger weapons.
You are completely attuned to the shadows.


Message History

The grasping roots constrict something!
Trog accepts your kill.
Reactivating autopickup.
You feel a bit more experienced.
The tarantella attacks as you move away!
You block the tarantella's attack.
You feel a strong urge to attack something.
The tarantella closely misses you.
You see here 8 stones.
You barely miss the tarantella. You puncture the tarantella!
The tarantella is moderately wounded.
The tarantella closely misses you.
You puncture the tarantella! x2; You drain the tarantella.
You kill the tarantella!
Trog accepts your kill.
No target in view!
You see here a jumping spider corpse.
You feel a strong urge to attack something.
A pharaoh ant comes into view.
A demonic crawler comes into view.
You feel your anger nearly subside.
You are no longer berserk.
You are exhausted.
You feel yourself slow down. The pharaoh ant misses you.
The pharaoh ant bites you!!
A tarantella and a redback come into view.
You block the pharaoh ant's attack. You block the demonic crawler's attack.
The demonic crawler closely misses you. The demonic crawler misses you.
There is a crawl-hole back to the Lair here.
The tarantella's many legs skitter faintly.
The pharaoh ant barely misses you.
The demonic crawler hits you but does no damage.
The demonic crawler hits you.
The demonic crawler completely misses you.
You block the tarantella's attack. The pharaoh ant bites you!!
* * * LOW HITPOINT WARNING * * *
You feel drained.
* * * LOW HITPOINT WARNING * * *
The demonic crawler hits you!
* * * LOW HITPOINT WARNING * * *
The demonic crawler hits you!
You die...

### ####..######
............#
.............#
..........(....#
.........†......
.......>^.....[.
....Bs..........
..ss@..........
...............
..............
.............
}...........


You could see a demonic crawler, a pharaoh ant, a tarantella and a redback.

Vanquished Creatures
  Jorgrun (D:12)
  A ghost moth (Spider:1)
  An orc warlord (Bailey)
  A catoblepas (Lair:2)
  4 hydras
  2 centaur warriors
  The ghost of AwFulAwFulPlayer the Black Belt, a journeyman OpMo of Wu Jian (D:12)
  2 two-headed ogres
  A boulder beetle (Lair:2)
  A tengu warrior (D:12)
  A sun demon (Lair:5)
  4 orc high priests
  Urug (Lair:2)
  Sonja (D:10)
  Amaemon (Lair:2)
  3 skeletal warriors (D:13)
  A fire crab (Lair:4)
  2 skysharks (Lair:4)
  A wizard (Lair:5)
  A wolf spider (Lair:2)
  5 orc knights (Orc:2)
  5 orc sorcerers
  6 cyclopes
  3 elephants (Lair:4)
  Joseph (D:8)
  2 black mambas
  A smoke demon (Lair:5)
  3 gargoyles
  3 orange demons
  14 cane toads
  A torpor snail (Lair:5)
  An unseen horror (D:12)
  11 komodo dragons
  3 rime drakes
  2 ice devils (Lair:5)
  2 tengu conjurers (D:13)
  7 trolls
  A polar bear (shapeshifter) (D:13)
  2 red devils (Lair:5)
  3 polar bears
  A queen bee (Lair:2)
  2 hornets
  16 blink frogs
  Prince Ribbit (Lair:2)
  A tarantella (Spider:1)
  A snapping turtle (Lair:2)
  15 dream sheep
  A jumping spider (Spider:1)
  3 shadows
  2 wraiths
  22 yaks
  5 wyverns
  4 steam dragons
  A redback (Spider:1)
  4 vampire mosquitoes (D:11)
  An acid dragon (D:11)
  4 wargs (D:13)
  4 hell hounds (Lair:5)
  15 water moccasins
  39 orc warriors
  7 ogres
  2 black bears
  10 wolves
  3 centaurs
  2 kobold brigands
  6 bullfrogs
  3 gnoll sergeants
  3 scorpions
  4 wights (D:7)
  31 killer bees
  7 electric eels
  2 howler monkeys (D:13)
  4 jellies
  22 orc priests
  A gnoll bouda (D:7)
  8 hounds
  3 sleepcaps
  An iguana (D:4)
  31 orc wizards
  11 gnolls
  10 adders
  2 shadow imps
  A white imp (D:8)
  An ufetubus (D:5)
  3 worms
  3 dart slugs
  89 orcs
  11 ball pythons
  12 endoplasms
  6 giant cockroaches
  6 hobgoblins
  10 jackals
  3 quokkas
  4 bats
  A frilled lizard (D:1)
  17 goblins
  32 kobolds
  4 rats
625 creatures vanquished.

Vanquished Creatures (others)
  An orc priest (Orc:2)
1 creature vanquished.

Grand Total: 626 creatures vanquished

Notes
Turn   | Place    | Note
-------+----------+-------------------------------------------
     0 | D:5      | Monkooky the Kobold Delver began the quest for the Orb.
     0 | D:5      | Reached XP level 1. HP: 14/14 MP: 1/1
   209 | D:2      | Reached XP level 2. HP: 19/19 MP: 2/2
   476 | D:1      | Reached XP level 3. HP: 23/23 MP: 3/3
  1032 | D:1      | Reached XP level 4. HP: 28/28 MP: 4/4
  1432 | D:2      | Learned a level 2 spell: Passwall
  1584 | D:2      | Noticed Sigmund
  2603 | D:3      | Found a white marble altar of Elyvilon.
  2728 | D:3      | Reached XP level 5. HP: 33/33 MP: 5/5
  3005 | D:3      | Noticed an ice beast
  3863 | D:4      | Found a sacrificial altar of Ru.
  3995 | D:4      | Reached skill level 5 in Short Blades
  3995 | D:4      | Reached XP level 6. HP: 38/38 MP: 6/6
  4623 | D:5      | Found Tesium's Distillery.
  4628 | D:5      | Bought a potion of heal wounds for 55 gold pieces
  4628 | D:5      | Bought a potion of might for 44 gold pieces
  4644 | D:5      | Found a staircase to the Ecumenical Temple.
  4650 | Temple   | Entered the Ecumenical Temple
  5003 | Temple   | Became a worshipper of Trog the Wrathful
  5185 | D:5      | Reached XP level 7. HP: 43/43 MP: 7/7
  5396 | D:5      | Found a shimmering altar of Xom.
  6105 | D:6      | Noticed a steam dragon
  6128 | D:6      | Killed a steam dragon
  6129 | D:6      | Reached XP level 8. HP: 20/48 MP: 8/8
  6271 | D:6      | Reached skill level 10 in Short Blades
  6438 | D:6      | Reached * piety under Trog
  7440 | D:7      | Found an ornate altar of the Wu Jian Council.
  7441 | D:7      | Noticed a hornet
  7450 | D:7      | Killed a hornet
  7451 | D:7      | Reached skill level 5 in Fighting
  7451 | D:7      | Reached skill level 5 in Dodging
  7478 | D:7      | Reached skill level 1 in Evocations
  7483 | D:7      | Noticed a +0 dagger
  7483 | D:7      | Noticed a +0 dagger
  7489 | D:7      | Found a hide-covered altar of Uskayaw.
  7548 | D:7      | Reached skill level 2 in Evocations
  7548 | D:7      | Reached XP level 9. HP: 54/54 MP: 9/9
  7649 | D:7      | Reached skill level 3 in Evocations
  7698 | D:7      | Reached skill level 4 in Evocations
  7738 | D:7      | Identified a scroll of acquirement
  7739 | D:7      | Acquired a +0 quick blade of protection
  7762 | D:7      | Reached skill level 5 in Evocations
  7818 | D:7      | Reached skill level 6 in Evocations
  8368 | D:8      | Reached skill level 7 in Evocations
  8369 | D:8      | Reached ** piety under Trog
  8447 | D:8      | Noticed Joseph
  8460 | D:8      | Killed Joseph
  8461 | D:8      | Reached skill level 8 in Evocations
  8630 | D:8      | Reached skill level 9 in Evocations
  8804 | D:8      | Reached XP level 10. HP: 55/59 MP: 10/10
  8910 | D:8      | Found a runed translucent door.
  8997 | D:8      | Found a glowing golden altar of the Shining One.
  9341 | D:8      | Found a runed translucent door.
  9621 | D:8      | Noticed a centaur warrior
  9720 | D:8      | Killed a centaur warrior
  9757 | D:8      | Noticed a two-headed ogre
  9757 | D:8      | Noticed a centaur warrior
  9961 | D:9      | Found a flagged portal.
  9975 | Bailey   | Entered a bailey
 10001 | Bailey   | Reached *** piety under Trog
 10036 | Bailey   | Noticed an orc warlord
 10070 | Bailey   | Found a runed translucent gate.
 10076 | Bailey   | Found a runed translucent gate.
 10091 | Bailey   | Found a runed translucent gate.
 10189 | Bailey   | Acquired a manual of Evocations
 10291 | Bailey   | Killed an orc warlord
 10292 | Bailey   | Reached skill level 11 in Evocations
 10324 | D:9      | Reached XP level 11. HP: 64/64 MP: 11/11
 10373 | D:9      | Reached skill level 12 in Evocations
 10740 | D:9      | Reached skill level 13 in Evocations
 10991 | D:10     | Entered Level 10 of the Dungeon
 10996 | D:10     | Found a shadowy altar of Dithmenos.
 11046 | D:10     | Reached skill level 14 in Evocations
 11056 | D:10     | Found a staircase to the Lair.
 11087 | D:9      | Reached **** piety under Trog
 11268 | D:10     | Found an iron altar of Okawaru.
 11431 | D:10     | Found a glowing silver altar of Zin.
 11447 | D:10     | Reached skill level 15 in Evocations
 11548 | D:10     | Acquired the +3 warlock's mirror {omnireflect}
 11548 | D:10     | Found the +3 warlock's mirror {omnireflect}
 11827 | D:10     | Noticed Sonja
 11831 | D:10     | Killed Sonja
 11832 | D:10     | Reached skill level 16 in Evocations
 12181 | D:10     | Reached skill level 17 in Evocations
 12286 | D:10     | Found a staircase to the Orcish Mines.
 12592 | D:11     | Reached skill level 18 in Evocations
 12801 | D:11     | Noticed a two-headed ogre
 12805 | D:11     | Killed a two-headed ogre
 12806 | D:11     | Reached skill level 1 in Shields
 12841 | D:11     | Reached XP level 12. HP: 70/70 MP: 12/12
 13709 | Lair:1   | Entered Level 1 of the Lair of Beasts
 13939 | Lair:1   | Reached ***** piety under Trog
 14963 | Lair:1   | Reached skill level 1 in Armour
 15550 | Lair:2   | Noticed Prince Ribbit
 15554 | Lair:2   | Reached XP level 13. HP: 79/79 MP: 13/13
 15556 | Lair:2   | Killed Prince Ribbit
 15558 | Lair:2   | Received a gift from Trog
 15589 | Lair:2   | Noticed Urug
 15792 | Lair:2   | Noticed a catoblepas
 15796 | Lair:2   | Killed a catoblepas
 15955 | Lair:2   | Reached skill level 5 in Shields
 16726 | Lair:2   | Noticed Amaemon
 16740 | Lair:2   | Killed Amaemon
 16849 | Lair:2   | Found a staircase to the Shoals.
 17019 | Lair:2   | Found a hole to the Spider Nest.
 17032 | Lair:2   | Reached skill level 10 in Dodging
 17141 | Lair:2   | Killed Urug
 17927 | Lair:3   | Found a snail-covered altar of Cheibriados.
 18332 | Lair:4   | Reached skill level 10 in Fighting
 18530 | Lair:4   | Found a viscous altar of Jiyva.
 18530 | Lair:4   | Found a staircase to the Slime Pits.
 19152 | Lair:4   | Reached XP level 14. HP: 88/88 MP: 14/14
 19389 | Lair:4   | Reached skill level 5 in Armour
 19579 | Lair:5   | Entered Level 5 of the Lair of Beasts
 20514 | Lair:5   | Found a burning altar of Makhleb.
 20637 | Lair:5   | Reached skill level 10 in Stealth
 20913 | Lair:5   | Found a gateway to Hell.
 21566 | Orc:1    | Entered Level 1 of the Orcish Mines
 21617 | Orc:1    | Received a gift from Trog
 21943 | Orc:1    | Found Jorio's CLEARANCE SALE!.
 21948 | Orc:1    | Bought 6 atropa-tipped darts for 32 gold pieces
 21948 | Orc:1    | Bought a wand of flame (15) for 63 gold pieces
 21948 | Orc:1    | Bought a potion of curing for 18 gold pieces
 21948 | Orc:1    | Bought a potion of ambrosia for 48 gold pieces
 22086 | Orc:2    | Entered Level 2 of the Orcish Mines
 22846 | Orc:2    | Found a staircase to the Elven Halls.
 22930 | Orc:2    | Found Ukid's Distillery.
 22932 | Orc:2    | Found Jineinuviw's Antique Weapon Shoppe.
 23148 | Orc:2    | Reached XP level 15. HP: 95/95 MP: 15/15
 23417 | Orc:2    | Bought a potion of resistance for 150 gold pieces
 23423 | Orc:2    | Found Voek's Distillery.
 23425 | Orc:2    | Found Naolon's Weapon Boutique.
 23774 | D:12     | Noticed Jorgrun
 23778 | D:12     | Killed Jorgrun
 23815 | D:12     | Found a runed translucent gate.
 23816 | D:12     | Found a runed translucent gate.
 23817 | D:12     | Found a runed translucent gate.
 23825 | D:12     | Noticed AwFulAwFulPlayer's ghost (journeyman OpMo)
 24189 | D:12     | Killed AwFulAwFulPlayer's ghost
 25108 | D:13     | Found Sueschyni's Antique Weapon Shoppe.
 26089 | Spider:1 | Entered Level 1 of the Spider Nest
 26104 | Spider:1 | Killed a ghost moth
 26115 | Spider:1 | HP: 4/93 [demonic crawler (13)]
 26115 | Spider:1 | Slain by a demonic crawler

Illustrated notes

Levels and vault maps discovered:
D:1:      lemuel_arrival_behind_the_door_small, layout_basic, serial_forest,
          infiniplex_forest_straight_4, infiniplex_forest_corner_1,
          infiniplex_forest_lined_3, infiniplex_forest_clump_long,
          infiniplex_forest_zigzag_1, infiniplex_forest_clump_small,
          infiniplex_forest_end_2, infiniplex_forest_clump_curved
D:2:      layout_loops_ring, uniq_sigmund
D:3:      layout_loops_ring, elyvilon_altar_5, kennysheep_cross_room,
          item_on_display_a
D:4:      layout_loops_ring, nicolae_ru_great_annihilating_truth
D:5:      layout_cave_pools, mainiacjoe_overflow_24_doors,
          minmay_temple_entry_arrows, serial_shops, shop
D:6:      layout_basic
D:7:      layout_basic, dancing_weapons_uskayaw,
          mainiacjoe_overflow_small_starburst
D:8:      cheibrodos_histonic, layout_basic, nicolae_tso_swordbearing_angel,
          uniq_joseph
D:9:      layout_loops_ring, enter_bailey_6, hangedman_glass_teeth
D:10:     layout_basic, nicolae_overflow_crystal_walls,
          mainiacjoe_overflow_boulevard, grunt_dithmenos_smoke_and_mirrors,
          erik_lair_island, erik_orc_2, patterned_corridor, uniq_sonja
D:11:     layout_long_grid, roderic_roman_lattice, lightli_minifort
D:12:     layout_roguey, biasface_ghost_orc_armoury, uniq_jorgrun
D:13:     layout_grid_maze, serial_shops, nicolae_lakefront_shop,
          nooodl_orcs_dogs
Temple:   oiseaux_autumnal_temple
Lair:1:   layout_layer_cave, beast_lair_carwin_9, grunt_megastairs_5
Lair:2:   layout_roguey [special_room_bee], minmay_shoals_entry_hut,
          spider_nest_entry_rubble, uniq_prince_ribbit2, uniq_amaemon, uniq_urug
Lair:3:   layout_hall_layers, basic_altar, chequers_serial_rivers_micro_a,
          infiniplex_staircase_pool
Lair:4:   layout_long_grid, nicolae_slime_entry_slimehenge
Lair:5:   evil_forest, layout_hall_layers, grunt_megastairs_2
Spider:1: layout_cave_pods
Orc:1:    layout_caves, basic_altar, nicolae_shop_clearance, uniq_harold
Orc:2:    st_orc_elflike, layout_diamond_mine, mines2_lemuel

Skill      XL: |  1  2  3  4  5  6  7  8  9 10 11 12 13 14 15 |
---------------+----------------------------------------------+-----
Short Blades   | 3 5 7 9 10 11 14 | 14.0
Stealth        | 7 8 11 | 11.8
Dodging        | 3 5 6 8 10 12 13 | 13.1
Fighting       | 4 5 6 8 10 11 12 | 12.4
Evocations     | 2 9 11 18 | 18.0
Shields        | 1 4 6 7 8 |  8.4
Armour         | 2 4 6 7 |  7.2

Action                     |  1- 3 |  4- 6 |  7- 9 | 10-12 | 13-15 || total
---------------------------+-------+-------+-------+-------+-------++-------
  Melee: Short sword       |    91 |   231 |   164 |       |       ||   486
         Rapier            |       |       |    50 |       |       ||    50
         Punch             |       |       |     3 |     6 |       ||     9
         Quick blade       |       |       |   112 |  1081 |  1789 ||  2982
  Throw: Dart              |       |       |     4 |       |     8 ||    12
 Invoke: Berserk           |       |       |     1 |     2 |    12 ||    15
         Trog's Hand       |       |       |       |       |     2 ||     2
  Evoke: Wand              |       |       |     1 |     3 |     8 ||    12
         Tin of tremorston |       |       |       |       |     5 ||     5
    Use: Scroll            |       |     9 |    12 |     9 |     5 ||    35
         Potion            |       |     1 |     3 |       |       ||     4
   Stab: Sleeping          |    20 |    29 |    19 |    33 |    52 ||   153
         Distracted        |       |     1 |     2 |     1 |     4 ||     8
         Paralysed         |       |       |     1 |       |     5 ||     6
         Confused          |       |       |       |       |     1 ||     1
 Armour: Leather armour    |    10 |    26 |       |       |       ||    36
         Ring mail         |       |     4 |    52 |       |       ||    56
         Steam dragon scal |       |       |     5 |    75 |    55 ||   135
         Robe              |       |       |       |       |    10 ||    10
  Dodge: Dodged            |    54 |   123 |   176 |   267 |   489 ||  1109
  Block: Buckler           |       |       |       |    66 |   305 ||   371
         Reflection        |       |       |       |       |    13 ||    13

Table legend: (Time is in decaauts)
 A = Elapsed time spent in this place.
 B = Non-inter-level travel time spent in this place.
 C = Inter-level travel time spent in this place.
 D = Time resting spent in this place.
 E = Time spent auto-exploring this place.
 F = Levels seen in this place.
 G = Mean time per level.
                   A        B        C        D        E       F      G
               +--------+--------+--------+--------+--------+-----+--------+
         Total |  25438 |  24229 |   1209 |   2273 |  17924 |  23 | 1106.0 |
       Dungeon |  15262 |  14543 |    719 |    969 |  11054 |  13 | 1174.0 |
        Temple |    397 |    326 |     71 |      0 |    309 |   1 |  397.0 |
          Lair |   7584 |   7244 |    340 |   1217 |   5126 |   5 | 1516.8 |
   Spider Nest |     20 |     20 |      0 |      0 |      0 |   1 |   20.0 |
  Orcish Mines |   1846 |   1770 |     76 |     86 |   1258 |   2 |  923.0 |
        Bailey |    327 |    327 |      0 |      0 |    175 |   1 |  327.0 |
               +--------+--------+--------+--------+--------+-----+--------+

Top non-repeatable levels by time:
  Lair:2: 2225 daAuts
  Lair:1: 1674 daAuts
  Lair:5: 1663 daAuts
    D:10: 1632 daAuts
    D:13: 1507 daAuts
     D:8: 1463 daAuts
     D:6: 1423 daAuts
   Orc:2: 1377 daAuts
  Lair:4: 1257 daAuts
    D:11: 1255 daAuts
     D:2: 1192 daAuts
     D:1: 1129 daAuts
     D:4: 1120 daAuts
     D:3: 1109 daAuts
     D:9: 935 daAuts
